 Dungeon Crawl Stone Soup version 0.28.0-53-g5a82cb258f (webtiles) character file.

Game seed: 9271999897973326001

1467220 PanSaczeczos the Slayer (level 26, 247/247 HPs)
             Began as a Palentonga Arcane Marksman on June 7, 2022.
             Was the Champion of Okawaru.
             Escaped with the Orb
             ... and 3 runes!
             The game lasted 03:33:28 (92048 turns).

PanSaczeczos the Slayer (PaAM)                     Turns: 92048, Time: 03:33:29

Health: 247/247    AC: 47    Str: 38    XL:     26   Next: 35%
Magic:  26/26      EV:  4    Int: 22    God:    Okawaru [******]
Gold:   5693       SH: 23    Dex: 15    Spells: 26/27 levels left

rFire   + . .      SeeInvis +   w - +9 demon trident (spect)
rCold   + + +      Faith    .   Y - +3 tower shield "Duurr" {Will+ Regen+}
rNeg    + . .      Spirit   .   O - +7 plate armour "Eforo" {rPois Str+5 Dex+4 Stlth-}
rPois   +          Reflect  .   y - +2 helmet {Int+3}
rElec   +          Harm     .   X - +2 cloak {Will+}
rCorr   +          Rampage  .   L - +2 pair of gloves "Koss" {Will+ Regen+ rCorr Int+3}
Will    +++++                   A - +6 lightning scales {swift, rElec}
Stlth   ..........              Z - amulet "Esethum" {Acrobat +Inv rC++ Str+4}
HPRegen 2.11/turn               V - ring of Eshrusaiv {rElec rC++ Str+6 Slay+2}
MPRegen 0.20/turn               p - ring of Luxkud {rF+ rN+ Will+}

@: studying Unarmed Combat, quick
A: large, rugged brown scales 3, see invisible, deformed body, roll 1, armoured
tail, reflexive curl, low MP 2
0: Orb of Zot
}: 3/15 runes: serpentine, barnacled, silver
a: Rolling Charge, Renounce Religion, Evoke Invisibility, Heroism, Finesse, Duel


You escaped.
You worshipped Okawaru.
Okawaru was exalted by your worship.
You visited 12 branches of the dungeon, and saw 53 of its levels.
You visited 1 bazaar.
You also visited: Sewer, Gauntlet and Ice Cave.

You collected 10183 gold pieces.
You spent 4490 gold pieces at shops.

Inventory:

Hand Weapons
 a - the +9 demon trident of Intimidation {vamp, +Blink rElec rF+}
   (You acquired it on level 4 of the Lair of Beasts)

   It occasionally heals its wielder for a portion of the damage dealt when it
   wounds a living foe.
   rF:        It protects you from fire.
   rElec:     It insulates you from electricity.
   +Blink:    It lets you blink.
 b - a +7 hand crossbow of freezing
 w - a +9 spectral demon trident (weapon)
Missiles
 c - 20 boomerangs
 d - 38 javelins
 h - 3 throwing nets {!f}
 C - 2726 bolts
 E - 13 silver boomerangs
 H - 22 curare-tipped darts
 T - 36 silver javelins (quivered)
Armour
 y - a +2 helmet of intelligence (worn)
 A - the +6 lightning scales (worn) {swift, rElec}
   (Okawaru gifted it to you on level 2 of the Orcish Mines)

   It allows the wearer to cover ground more swiftly.
   rElec:     It insulates you from electricity.
 L - the +2 pair of gloves "Koss" (worn) {Will+ Regen+ rCorr Int+3}
   (Okawaru gifted it to you on level 4 of the Depths)

   Int:       It affects your intelligence (+3).
   Regen:     It increases your rate of health regeneration.
   rCorr:     It protects you from acid and corrosion.
   Will:      It increases your willpower.
 O - the +7 plate armour "Eforo" (worn) {rPois Str+5 Dex+4 Stlth-}
   (You bought it in a shop on level 12 of the Dungeon)

   Str:       It affects your strength (+5).
   Dex:       It affects your dexterity (+4).
   rPois:     It protects you from poison.
   Stlth:     It makes you less stealthy.
 X - a +2 cloak of willpower (worn)
 Y - the +3 tower shield "Duurr" (worn) {Will+ Regen+}
   (Okawaru gifted it to you on level 4 of the Depths)

   Regen:     It increases your rate of health regeneration.
   Will:      It increases your willpower.
Jewellery
 p - the ring of Luxkud (right hand) {rF+ rN+ Will+}
   (You found it on level 4 of the Shoals)

   [ring of willpower]

   rF:        It protects you from fire.
   rN:        It protects you from negative energy.
   Will:      It increases your willpower.
 z - a ring of resist corrosion
 P - a ring of willpower
 V - the ring of Eshrusaiv (left hand) {rElec rC++ Str+6 Slay+2}
   (You took it off a merfolk impaler on level 2 of the Shoals)

   [ring of strength]

   Str:       It affects your strength (+6).
   Slay:      It affects your accuracy & damage with ranged weapons and melee
   (+2).
   rC:        It greatly protects you from cold.
   rElec:     It insulates you from electricity.
 Z - the amulet "Esethum" (around neck) {Acrobat +Inv rC++ Str+4}
   (You found it in a Gauntlet)

   [amulet of the acrobat]

   It increases your evasion while moving and waiting.
   Str:       It affects your strength (+4).
   rC:        It greatly protects you from cold.
   +Inv:      It lets you turn invisible.
Wands
 e - a wand of paralysis (15)
 o - a wand of acid (20)
 t - a wand of digging (13)
 B - a wand of iceblast (47)
 I - a wand of polymorph (13)
 N - a wand of flame (60)
 S - a wand of mindburst (6)
Scrolls
 i - a scroll of noise {!r}
 m - a scroll of holy word
 n - a scroll of silence
 q - 23 scrolls of teleportation {@r3}
 r - 13 scrolls of enchant armour
 u - 10 scrolls of blinking {@r4}
 v - 4 scrolls of fear
 x - 9 scrolls of fog
Potions
 f - 18 potions of curing {@q1}
 g - 7 potions of mutation
 j - 5 potions of might {@q3}
 k - 4 potions of invisibility
 l - 20 potions of heal wounds
 D - 6 potions of berserk rage
 F - 6 potions of haste
 G - 7 potions of flight
 J - 9 potions of cancellation
 K - a potion of magic
 Q - 7 potions of lignification
 R - 3 potions of resistance
 U - 6 potions of ambrosia
Miscellaneous
 s - a condenser vane
 M - a tin of tremorstones (2/2)


   Skills:
 + Level 24.0 Fighting
 - Level 4.6 Maces & Flails
 - Level 14.0 Polearms
 - Level 10.0 Crossbows
 - Level 16.0 Throwing
 + Level 17.5 Armour
 - Level 1.5 Dodging
 + Level 17.4 Shields
 - Level 1.0 Spellcasting
 - Level 3.0 Hexes
 - Level 14.0 Invocations
 - Level 12.0 Evocations


You had 26 spell levels left.
You knew the following spells:

 Your Spells              Type           Power      Damage    Failure   Level
a - Slow                  Hex            56%        N/A       34%         1

Your spell library contained the following spells:

 Spells                   Type           Power      Damage    Failure   Level
 Ensorcelled Hibernation  Hex/Ice        14%        N/A       67%         2
 Confusing Touch          Hex            14%        N/A       71%         3
 Beastly Appendage        Tmut           2%         N/A       75%         1
 Magic Dart               Conj           4%         1d3       75%         1
 Sandblast                Erth           2%         2d4       75%         1
 Sting                    Tmut/Pois      4%         1d3       75%         1
 Blink                    Tloc           2%         N/A       87%         2
 Poisonous Vapours        Pois/Air       2%         N/A       87%         2
 Scorch                   Fire           2%         2d5       87%         2
 Searing Ray              Conj           2%         2d4       87%         2
 Static Discharge         Conj/Air       1%         N/A       87%         2
 Sublimation of Blood     Necr           1%         N/A       87%         2
 Wereblood                Tmut           1%         N/A       87%         2
 Dazzling Flash           Conj/Hex       14%        N/A       88%         3
 Inner Flame              Hex/Fire       7%         N/A       88%         3
 Portal Projectile        Hex/Tloc       14%        N/A       88%         3
 Conjure Flame            Conj/Fire      1%         6-21      98%         3
 Frozen Ramparts          Ice            2%         1d2       98%         3
 Gell's Gravitas          Tloc           1%         N/A       98%         3
 Ignite Poison            Fire/Tmut/Pois 1%         N/A       98%         3
 Lesser Beckoning         Tloc           1%         N/A       98%         3
 Mephitic Cloud           Conj/Pois/Air  1%         N/A       98%         3
 Spider Form              Tmut/Pois      1%         N/A       98%         3
 Stone Arrow              Conj/Erth      2%         3d7       98%         3
 Teleport Other           Tloc           1%         N/A       98%         3
 Vampiric Draining        Necr           1%         2d6       98%         3
 Cause Fear               Hex            7%         N/A       98%         4
 Anguish                  Hex/Necr       3%         N/A       99%         4
 Fulminant Prism          Conj/Hex       3%         3d6       99%         4
 Flame Wave               Conj/Fire      1%         2d4       100%        4
 Hailstorm                Conj/Ice       1%         3d3       100%        4
 Ice Form                 Ice/Tmut       1%         N/A       100%        4
 Iskenderun's Mystic Bla  Conj/Tloc      1%         2d3       100%        4
 Olgreb's Toxic Radiance  Pois           1%         N/A       100%        4
 Passage of Golubria      Tloc           1%         N/A       100%        4
 Petrify                  Tmut/Erth      1%         N/A       100%        4
 Sticky Flame             Conj/Fire      1%         2d3       100%        4
 Agony                    Necr           1%         N/A       100%        5
 Alistair's Intoxication  Tmut/Pois      0%         N/A       100%        5
 Blade Hands              Tmut           0%         N/A       100%        5
 Borgnjor's Vile Clutch   Necr/Erth      0%         N/A       100%        5
 Excruciating Wounds      Necr           0%         N/A       100%        5
 Fireball                 Conj/Fire      0%         3d3       100%        5
 Freezing Cloud           Conj/Ice/Air   0%         6-21      100%        5
 Irradiate                Conj/Tmut      0%         3d14      100%        5
 Iskenderun's Battlesphe  Conj           1%         2d6       100%        5
 Lee's Rapid Deconstruct  Erth           0%         3d5*      100%        5
 Lightning Bolt           Conj/Air       0%         1d11      100%        5
 Manifold Assault         Tloc           1%         N/A       100%        5
 Metabolic Englaciation   Hex/Ice        3%         N/A       100%        5
 Silence                  Hex/Air        3%         N/A       100%        5
 Yara's Violent Unravell  Hex/Tmut       3%         3d4       100%        5
 Conjure Ball Lightning   Conj/Air       0%         3x3d6     100%        6
 Eringya's Noxious Bog    Tmut/Pois      0%         N/A       100%        6
 Iron Shot                Conj/Erth      0%         9d1       100%        6
 Starburst                Conj/Fire      0%         6d3       100%        6
 Dragon Form              Tmut           0%         N/A       100%        7
 Enfeeble                 Hex            7%         N/A       100%        7
 Orb of Destruction       Conj           0%         9d5       100%        7
 Ozocubu's Refrigeration  Ice            0%         4d5       100%        7
 Storm Form               Tmut/Air       0%         N/A       100%        7
 Discord                  Hex            7%         N/A       100%        8
 Disjunction              Tloc           0%         N/A       100%        8
 Ignition                 Fire           0%         3d3       100%        8
 Maxwell's Capacitive Co  Air            0%         ∞         100%        8
 Death's Door             Necr           0%         N/A       100%        9
 Fire Storm               Conj/Fire      0%         6d1       100%        9
 Tukima's Dance           Hex            Unusable   N/A       N/A         3
 Animate Skeleton         Necr           Unusable   N/A       N/A         1
 Summon Small Mammal      Summ           Unusable   N/A       N/A         1
 Summon Guardian Golem    Hex/Summ       Unusable   N/A       N/A         3
 Animate Armour           Summ/Erth      Unusable   N/A       N/A         4
 Animate Dead             Necr           Unusable   N/A       N/A         4
 Summon Ice Beast         Ice/Summ       Unusable   N/A       N/A         4
 Summon Forest            Summ/Tloc      Unusable   N/A       N/A         5
 Simulacrum               Ice/Necr       Unusable   N/A       N/A         6
 Summon Cactus Giant      Summ           Unusable   N/A       N/A         6
 Spellforged Servitor     Conj/Summ      Unusable   N/A       N/A         7

Dungeon Overview and Level Annotations

Branches:
Dungeon (15/15)            Temple (1/1) D:6            Lair (6/6) D:9
 Shoals (4/4) Lair:3        Snake (4/4) Lair:3        Slime (0/5) Lair:5
    Orc (2/2) D:10            Elf (3/3) Orc:2        Vaults (5/5) D:14
  Crypt (3/3) Vaults:2       Tomb (0/3) Crypt:3      Depths (4/4) D:15
   Hell (visited)             Zot (5/5) Depths:4      Sewer (visited)
  IceCv (visited)         Gauntlet (visited)
    Dis: Hell:1         Geh: Hell:1         Coc: Hell:1         Tar: Hell:1

Altars:
Ashenzari
Cheibriados
Dithmenos
Elyvilon
Fedhas
Gozag
Hepliaklqana
Kikubaaqudgha
Makhleb
Nemelex Xobeh
Okawaru
Qazlal
Ru
Sif Muna
Trog
Uskayaw
Vehumet
Wu Jian
Xom
Yredelemnul
Zin
The Shining One
Beogh
Jiyva
Lugonu

Shops:
D:9 *   D:12 [   Orc:2 [:(*   Elf:1 ?((   Elf:3 :   Shoals:3 (   Vaults:3 (
Depths:1 !   Depths:4 [!=

Portals:
Hell: Depths:1 Depths:2 Depths:3 Depths:4
Abyss: Depths:3
Pandemonium: Depths:2 Depths:4
Ziggurat: Depths:1
Trove: Depths:3 (give 4 potions of resistance)

Annotations:
D:5 Edmund
D:8 2 transporters
Lair:4 1 runed translucent door, hitsuchi's ghost, journeyman DgIE
Lair:5 4 runed translucent doors, exclusions: 3 doors and oklob plant, Kaofid's ghost, journeyman GrEE
Shoals:1 Roxanne
Elf:2 3 runed translucent doors, exclusion: 3 doors
Depths:1 1 runed translucent door, exclusion: door
Hell Geryon
Zot:3 2 transporters, Muataran's ghost, veteran MiMo


Innate Abilities, Weirdness & Mutations

You are completely covered in rugged brown scales. (AC +3, +7% HP)
You have supernaturally acute eyesight. (SInv)
Armour fits poorly on your strangely shaped body.
You can roll at nearby foes to attack.
You have a long armoured tail.
You curl defensively after being hit. (AC +7*)
Your magical capacity is very low. (-20% MP)


Message History

This square is covered in magical glow.
Okay, then.
Unknown command.
Aiming: Dig
Press: ? - help, Shift-Dir - straight line A rock wall.
This square is covered in magical glow.
The rock shatters into small pieces.
Unknown command.
There is a stone staircase leading up here.
You climb upwards.
There is a stone staircase leading down here.
(D) Dungeon (T) Temple (L) Lair (A) Shoals (P) Snake Pit (M) Slime Pits (O) Orcish Mines (E) Elven Halls (V) Vaults (C) Crypt (W) Tomb (U) Depths (H) Hell (Z) Zot
Where to? (Enter - D:1 @ (x,y), ? - help)
What level of the Dungeon? (default 1, ? - help)
There is a stone staircase leading up here.
There is a stone staircase leading up here.
You climb upwards.
There is a stone staircase leading down here.
A sun demon comes into view.
Unknown command.
Aiming: Dig
Press: ? - help, Shift-Dir - straight line A rock wall.
This square is covered in magical glow.
The rock shatters into small pieces.
Unknown command.
You impale the sun demon!! You tail-slap the sun demon!
The sun demon is severely wounded.
Your +9 spectral demon trident hits the sun demon from afar!
You barely miss the sun demon. You tail-slap the sun demon!
You kill the sun demon!
Okawaru accepts your kill.
Unknown command.
There is a staircase leading out of the dungeon here.
Unknown command.
You have escaped!

###..# ###.............### #
##.# ##.................## #.#
##......####.........##
#.###.....########........##
#.##.....###....####.......#
#.##....##........###......##
#.#....###...##....##.......#
#.#....##...##.+#..###......##
#.#....##..##@.###..##.[.....#
#.#....###...#.###..###......#
#.##....##.....##...###......#
#.###....#.#####....##........
#.# #......####....###........
#.####............## #........
#..######......#### ##.....)..
##..### ######## #.....>...
##...###############.........


There were no monsters in sight!

Vanquished Creatures
  3 dread liches
  5 ancient liches
  4 orbs of fire
  Sojobo (Crypt:3)
  Margery (Crypt:3)
  Vashnia (Snake:3)
  6 Killer Klowns (Zot:5)
  Frederick (Crypt:2)
  Xtahua (Crypt:3)
  Saint Roka (Vaults:1)
  Bai Suzhen (Vaults:4)
  4 curse toes
  9 golden dragons
  Jory (Crypt:2)
  Nikola (Shoals:2)
  4 electric golems
  26 tentacled monstrosities
  Jorgrun (Snake:2)
  A Hell Sentinel (D:9)
  4 liches
  25 Orb Guardians
  3 deep elf blademasters (Elf:3)
  5 titans
  2 deep elf master archers (Elf:3)
  3 quicksilver dragons
  6 sphinxes
  8 shadow dragons
  2 krakens
  9 ancient champions
  10 tengu reavers
  8 death cobs
  The ghost of Maxmaps the Warrior, an adept FoSk of Cheibriados (D:13)
  The ghost of Maxmaps the Warrior, an adept FoSk of Cheibriados (D:13)
  20 storm dragons
  3 revenants
  5 draconian monks
  3 nagarajas
  5 fire giants
  Ilsuiw (Shoals:4)
  6 draconian scorchers
  7 deep elf sorcerers
  2 azure jellies (IceCv)
  2 draconian knights (Zot:4)
  9 frost giants
  18 vault wardens
  4 draconian shifters
  3 ghost moths
  A balrug (Depths:1)
  Aizul (Snake:2)
  5 curse skulls
  An orc warlord (Orc:2)
  2 deep elf elementalists
  Louise (Shoals:2)
  6 draconian stormcallers
  2 spriggan defenders (Depths:3)
  22 ironbound preservers
  10 ghouls
  19 very ugly things
  7 draconian annihilators
  13 stone giants
  4 reapers
  8 green draconians
  6 deep elf demonologists
  5 caustic shrike skeletons (Crypt:3)
  7 vampire knights
  4 ironbound thunderhulks
  A juggernaut skeleton (Crypt:3)
  12 black draconians
  10 purple draconians
  4 red draconians
  A minotaur (Gauntlet)
  2 dire elephants
  An entropy weaver (Vaults:1)
  12 white draconians
  9 deep elf annihilators
  Azrael (D:12)
  3 spark wasps (Depths:4)
  6 ettins
  10 yellow draconians
  An eidolon (Crypt:3)
  5 fire dragons
  Josephine (D:11)
  5 deep elf death magi
  A blizzard demon (Depths:1)
  9 merfolk javelineers
  2 deep elf high priests
  6 great orbs of eyes
  13 merfolk impalers
  18 yaktaur captains
  11 ice dragons
  7 jiangshi
  2 quicksilver dragon skeletons
  2 rakshasas
  The ghost of Xuta the Peltast, a journeyman FoFi of Okawaru (D:13)
  33 vault guards
  9 hydras
  The ghost of Jiumoeso the Geomancer, a journeyman GrEE of the Shining One (D:13)
  18 naga warriors
  4 salamander tyrants (Snake:4)
  3 catoblepae
  4 boulder beetles
  An alligator snapping turtle (Shoals:2)
  3 spriggan air magi (Depths:3)
  20 centaur warriors
  2 ogre magi
  3 merfolk aquamancers
  Erica (Lair:2)
  2 satyrs (Shoals:2)
  2 spriggan skeletons (Crypt:3)
  7 dancing weapons
  3 merfolk avatars
  9 anacondas
  11 ironbound frosthearts
  5 tengu warriors
  5 vampire magi
  9 death yaks
  3 deep troll shamans
  Urug (D:12)
  10 deep troll earth magi
  A hell hog (Depths:1)
  3 orc high priests
  14 two-headed ogres
  21 naga sharpshooters
  7 shock serpents
  5 spriggan berserkers
  Sonja (Lair:2)
  14 hell knights
  Nergalle (Lair:1)
  3 deep elf knights (Elf:2)
  3 titan skeletons (Crypt:3)
  2 storm dragon zombies (Crypt:1)
  44 skeletal warriors
  7 iron trolls
  5 sun demons
  2 salamander mystics
  A golden dragon zombie (D:15)
  10 sea snakes
  3 flayed ghosts
  56 deep trolls
  A tengu zombie (D:15)
  An orb spider (shapeshifter) (Depths:3)
  3 bog bodies
  5 lindwurms
  8 naga ritualists
  A bunyip skeleton (Crypt:2)
  6 deep elf archers
  A golden dragon skeleton (Crypt:1)
  19 wizards
  9 phantasmal warriors
  3 glowing orange brains
  12 necromancers
  8 orc knights
  12 deep elf zephyrmancers
  2 wolf spider zombies (D:10)
  An anaconda skeleton (Crypt:3)
  A wolf spider (D:15)
  20 ironbound convokers
  An eleionoma zombie (Crypt:2)
  21 deep elf pyromancers
  16 manticores
  9 mana vipers
  A shining eye (shapeshifter) (Depths:2)
  34 ugly things
  2 fire giant zombies (D:15)
  5 orc sorcerers
  24 moths of wrath
  5 cyclopes
  An iron dragon skeleton (Crypt:3)
  A moth of wrath (shapeshifter) (Vaults:5)
  9 elephants
  13 fauns
  11 salamanders
  21 vault sentinels
  A fire giant skeleton (Crypt:1)
  2 ice statues (IceCv)
  17 naga magi
  11 merfolk sirens
  2 torpor snails
  2 apocalypse crabs (Shoals:2)
  37 black mambas
  A dire elephant skeleton (Crypt:3)
  3 guardian serpents
  7 water nymphs
  16 cane toads
  An unseen horror (D:12)
  A gargoyle (D:13)
  A naga skeleton (Crypt:3)
  A white draconian zombie (Crypt:3)
  8 centaur skeletons
  3 rime drakes
  A swamp worm zombie (Crypt:3)
  62 yaktaurs
  A green draconian skeleton (Crypt:1)
  4 kobold demonologists
  3 hellwings
  13 komodo dragons
  4 ice devils
  5 guardian mummies (Crypt:1)
  4 entropy weaver simulacra (IceCv)
  A troll (shapeshifter) (Elf:3)
  A tengu conjurer (Depths:1)
  A yellow draconian skeleton (Crypt:2)
  A polar bear (Lair:5)
  9 meliai
  24 merfolk
  2 spectral guardian serpents (Crypt:2)
  3 harpy skeletons (Crypt:3)
  A slime creature (shapeshifter) (Vaults:4)
  10 wind drakes
  A moth of wrath zombie (Crypt:2)
  4 trolls
  A wind drake (shapeshifter) (Vaults:5)
  A hydra skeleton (Crypt:1)
  A raiju (shapeshifter) (D:15)
  4 hornets (Depths:3)
  7 snapping turtles
  A meliai zombie (D:10)
  22 dream sheep
  A satyr zombie (Crypt:2)
  13 blink frogs
  36 slime creatures
  A snapping turtle (shapeshifter) (Vaults:4)
  A jumping spider (shapeshifter) (Vaults:5)
  A boulder beetle zombie (Crypt:3)
  A vampire (D:11)
  3 shadows
  An air elemental (Elf:2)
  A centaur simulacrum (D:10)
  A culicivora (shapeshifter) (Vaults:5)
  4 spriggans (Depths:3)
  A flying skull (Gauntlet)
  A jumping spider (Vaults:1)
  21 water elementals
  An ettin skeleton (Crypt:3)
  A satyr skeleton (Crypt:1)
  4 wyverns
  9 wraiths
  57 yaks
  2 fire bats (Depths:2)
  3 fire elementals
  2 redbacks (Vaults:1)
  4 vampire mosquitoes (D:12)
  2 basilisks
  4 wargs
  A wind drake skeleton (Crypt:2)
  A chaos spawn (Gauntlet)
  2 naga zombies
  20 water moccasins
  56 nagas
  5 hell hounds
  6 demonic crawler simulacra (IceCv)
  A demonspawn zombie (Crypt:1)
  A floating eye (shapeshifter) (Depths:3)
  A floating eye (Depths:3)
  39 orc warriors
  A sky beast (D:8)
  Pargi (Sewer)
  4 ugly thing simulacra (IceCv)
  An ice beast (shapeshifter) (Vaults:5)
  3 boggarts
  2 black bears (D:9)
  7 necrophages
  9 ogres
  7 centaurs
  11 wolves
  8 kobold brigands
  Blork the orc (D:4)
  14 bullfrogs
  2 earth elementals (Elf:1)
  2 glowing shapeshifter simulacra (IceCv)
  A gnoll sergeant (D:12)
  3 scorpions
  2 water moccasin zombies
  17 killer bees
  39 wights
  3 howler monkeys
  A troll skeleton (Crypt:3)
  4 electric eels
  A polar bear skeleton (Crypt:3)
  4 bullfrog zombies
  4 crimson imps
  5 centaur zombies
  6 hounds
  21 orc priests
  Terence (D:3)
  5 iguanas
  22 orc wizards
  A scorpion zombie (Crypt:1)
  4 hell rats (Lair:2)
  A human skeleton (Crypt:3)
  A sky beast zombie (Crypt:2)
  A dwarf zombie (Crypt:1)
  A felid skeleton (Crypt:2)
  An acid dragon skeleton (Crypt:3)
  A demigod skeleton (Crypt:2)
  An ogre skeleton (Crypt:1)
  A mummy (Crypt:1)
  9 gnolls
  7 adders
  2 river rats (D:4)
  5 shadow imps
  5 white imps
  A worm (D:4)
  2 dart slugs
  87 orcs
  9 bats
  4 endoplasms
  2 giant cockroaches
  6 goblins
  5 hobgoblins
  7 jackals
  32 kobolds
  3 quokkas
  11 ball pythons
  4 frilled lizards
  A gnoll skeleton (Crypt:1)
  A hobgoblin zombie (Crypt:3)
  6 rats
  A tentacle (Shoals:4)
2236 creatures vanquished.

Vanquished Creatures (others)
  Boris (Crypt:2)
  A merfolk impaler (Shoals:4)
  An iron troll (Depths:4)
  A moth of wrath (Zot:1)
  A centaur skeleton (D:14)
  A slime creature (IceCv)
  A bush (Lair:6)
  77 fungi
  193 plants
  8 tentacles
  13 withered plants
298 creatures vanquished.

Grand Total: 2534 creatures vanquished

Notes
Turn   | Place    | Note
-------+----------+-------------------------------------------
     0 | D:1      | PanSaczeczos the Palentonga Arcane Marksman began the quest
                  | for the Orb.
     0 | D:1      | Reached XP level 1. HP: 16/16 MP: 2/2
   201 | D:1      | Reached skill level 2 in Fighting
   314 | D:1      | Found a faded altar of an unknown god.
   361 | D:1      | Reached XP level 2. HP: 21/23 MP: 3/3
   406 | D:1      | You fall into a shaft and drop 1 floor!
   561 | D:2      | HP: 6/24 [poisoned by an adder]
   567 | D:2      | HP: 2/24 [poisoned by an adder]
  1041 | D:2      | Reached skill level 3 in Fighting
  1101 | D:1      | Reached XP level 3. HP: 31/31 MP: 4/4
  2034 | D:2      | Reached XP level 4. HP: 21/39 MP: 5/5
  2758 | D:3      | Reached skill level 1 in Maces & Flails
  2762 | D:3      | Noticed Terence
  2773 | D:3      | Killed Terence
  2774 | D:3      | Reached skill level 4 in Fighting
  3317 | D:2      | Reached skill level 1 in Armour
  3317 | D:2      | Reached XP level 5. HP: 37/44 MP: 6/6
  4332 | D:4      | Found a glowing drain.
  4342 | Sewer    | Entered a sewer
  4424 | Sewer    | Noticed Pargi
  4439 | Sewer    | Killed Pargi
  4440 | Sewer    | Reached XP level 6. HP: 40/53 MP: 7/7
  4650 | D:4      | Noticed Blork the orc
  4839 | D:4      | Killed Blork the orc
  4840 | D:4      | Reached skill level 5 in Fighting
  5600 | D:5      | Entered Level 5 of the Dungeon
  5613 | D:5      | Gained mutation: You curl defensively after being hit. (AC
                  | +7*) [Palentonga growth]
  5613 | D:5      | Reached XP level 7. HP: 52/59 MP: 8/8
  5715 | D:5      | HP: 17/90 [killer bee (6)]
  5720 | D:5      | HP: 10/60 [poisoned by a killer bee]
  5871 | D:5      | Noticed Edmund
  5922 | D:4      | HP: 13/60 [ogre/+0 giant club (20)]
  6187 | D:4      | Reached skill level 6 in Fighting
  6407 | D:5      | Reached XP level 8. HP: 63/68 MP: 9/9
  6411 | D:5      | Reached skill level 1 in Polearms
  6531 | D:5      | Identified a scroll of acquirement
  6531 | D:5      | Acquired the +10 Black Knight's barding {ponderous, rPois
                  | rN+}
  6531 | D:5      | Found the +10 Black Knight's barding {ponderous, rPois rN+}
  6623 | D:6      | Found a staircase to the Ecumenical Temple.
  6632 | Temple   | Entered the Ecumenical Temple
  6799 | Temple   | Became a worshipper of Warmaster Okawaru
  6835 | D:6      | Reached skill level 7 in Fighting
  6904 | D:6      | Reached skill level 1 in Invocations
  6927 | D:6      | Reached skill level 5 in Armour
  6929 | D:6      | Reached * piety under Okawaru
  7165 | D:6      | Reached XP level 9. HP: 69/77 MP: 10/10
  7599 | D:7      | Identified the +0 robe of Theory {Rampage rC+}
  8098 | D:8      | Reached skill level 8 in Fighting
  8105 | D:8      | Reached ** piety under Okawaru
  8522 | D:8      | Noticed a green ugly thing
  8524 | D:8      | Found a corrupted altar of Lugonu.
  8524 | D:8      | Found a transporter.
  8525 | D:8      | Noticed a brown ugly thing
  8526 | D:8      | Noticed an unseen horror
  8583 | D:8      | Found a transporter.
  8640 | D:8      | Noticed a white ugly thing
  8760 | D:8      | Found a burning altar of Makhleb.
  8770 | D:8      | Reached skill level 5 in Polearms
  8909 | D:9      | Reached XP level 10. HP: 87/87 MP: 13/13
  8922 | D:8      | Reached skill level 5 in Invocations
  9007 | D:9      | Found a staircase to the Lair.
  9030 | D:9      | Reached *** piety under Okawaru
  9111 | D:9      | Reached skill level 9 in Fighting
  9508 | D:9      | Found Lausuan's Changing Room.
  9799 | D:9      | Acquired 1074 gold pieces
  9827 | Lair:1   | Entered Level 1 of the Lair of Beasts
  9844 | Lair:1   | Noticed a cane toad
  9853 | Lair:1   | Killed a cane toad
  9855 | Lair:1   | HP: 20/88 [poisoned by a cane toad]
  9860 | Lair:1   | HP: 16/88 [poisoned by a cane toad]
 10072 | Lair:1   | Reached **** piety under Okawaru
 10172 | Lair:1   | Noticed a cane toad
 10175 | Lair:1   | Killed a cane toad
 10556 | Lair:1   | Reached XP level 11. HP: 77/96 MP: 16/16
 10845 | Lair:2   | Noticed Nergalle
 10849 | Lair:2   | Noticed a spectral orc warlord
 10854 | Lair:1   | Killed Nergalle
 10891 | Lair:2   | Noticed a four-headed hydra
 10895 | Lair:2   | Noticed a death yak
 10916 | Lair:2   | Noticed a death yak
 10923 | Lair:1   | Received a gift from Okawaru
 10954 | Lair:2   | Reached skill level 10 in Fighting
 10958 | Lair:2   | Noticed an eight-headed hydra
 10967 | Lair:2   | Killed a four-headed hydra
 10981 | Lair:2   | Noticed a six-headed hydra
 10991 | Lair:2   | Killed a two-headed hydra
 11124 | Lair:2   | Reached ***** piety under Okawaru
 11292 | Lair:2   | Noticed Sonja
 11324 | Lair:2   | Killed Sonja
 11378 | Lair:1   | Killed a death yak
 11387 | Lair:1   | Identified the +9 morningstar of Invincibility {freeze,
                  | Dex+3} (Okawaru gifted it to you on level 1 of the Lair of
                  | Beasts)
 11387 | Lair:1   | Received a gift from Okawaru
 11513 | Lair:2   | Noticed Erica
 11522 | Lair:1   | Killed a one-headed hydra
 11561 | Lair:2   | Killed Erica
 11743 | Lair:2   | Killed a death yak
 11757 | Lair:2   | Reached XP level 12. HP: 79/105 MP: 18/18
 12093 | Lair:3   | Found a frozen archway.
 12112 | IceCv    | Entered an ice cave
 12305 | IceCv    | HP: 25/105 [entropy weaver simulacrum (6)]
 12879 | IceCv    | Received a gift from Okawaru
 12880 | IceCv    | Reached skill level 11 in Fighting
 13673 | IceCv    | Noticed an azure jelly
 13679 | IceCv    | Noticed an azure jelly
 13680 | IceCv    | Killed an azure jelly
 13689 | IceCv    | Killed an azure jelly
 13909 | IceCv    | Found a viscous altar of Jiyva.
 13929 | IceCv    | Got Wajuosuk's Compendium of Snow
 14177 | Lair:3   | Found a staircase to the Shoals.
 14229 | Lair:3   | Found a staircase to the Snake Pit.
 14937 | Lair:3   | Identified the +1 barding "Meacs" {rF+ Int+2} (Okawaru
                  | gifted it to you on level 3 of the Lair of Beasts)
 14937 | Lair:3   | Received a gift from Okawaru
 14938 | Lair:3   | Reached skill level 10 in Invocations
 15110 | Lair:4   | Found a gate leading to a gauntlet.
 15115 | Gauntlet | Entered a Gauntlet
 15115 | Gauntlet | Found a transporter.
 15115 | Gauntlet | Found a transporter.
 15115 | Gauntlet | Found a transporter.
 15187 | Gauntlet | Found a transporter.
 15190 | Gauntlet | Found a transporter.
 15190 | Gauntlet | Found a transporter.
 15200 | Gauntlet | Found a transporter.
 15204 | Gauntlet | Found a transporter.
 15206 | Gauntlet | Found a large runed translucent door.
 15207 | Gauntlet | Found a large runed translucent door.
 15207 | Gauntlet | Noticed a great orb of eyes
 15208 | Gauntlet | Found a large runed translucent door.
 15208 | Gauntlet | Found a large runed translucent door.
 15208 | Gauntlet | Found a runed translucent door.
 15208 | Gauntlet | Found a runed translucent door.
 15209 | Gauntlet | Found a large runed translucent door.
 15209 | Gauntlet | Found a large runed translucent door.
 15209 | Gauntlet | Found a large runed translucent door.
 15209 | Gauntlet | Found a large runed translucent door.
 15210 | Gauntlet | Found a large runed translucent door.
 15210 | Gauntlet | Found a large runed translucent door.
 15211 | Gauntlet | Found a large runed translucent door.
 15211 | Gauntlet | Found a large runed translucent door.
 15212 | Gauntlet | Found a runed translucent gate.
 15212 | Gauntlet | Found a runed translucent gate.
 15212 | Gauntlet | Found a runed translucent gate.
 15213 | Gauntlet | Noticed a dire elephant
 15214 | Gauntlet | Found a transporter.
 15224 | Gauntlet | Found a large runed translucent door.
 15225 | Gauntlet | Found a large runed translucent door.
 15234 | Gauntlet | Found a large runed translucent door.
 15234 | Gauntlet | Found a large runed translucent door.
 15318 | Gauntlet | Found a transporter.
 15320 | Gauntlet | Found a transporter.
 15330 | Gauntlet | Found a transporter.
 15400 | Gauntlet | Identified the ring "Suluc" {Ice Dex+3}
 15470 | Gauntlet | Killed a dire elephant
 15471 | Gauntlet | Reached XP level 13. HP: 111/114 MP: 13/20
 15483 | Gauntlet | Reached skill level 5 in Throwing
 15523 | Gauntlet | Noticed a minotaur
 15536 | Gauntlet | Killed a minotaur
 15542 | Gauntlet | Identified the amulet "Esethum" {Acrobat +Inv rC++ Str+4}
 15543 | Gauntlet | Got the Collected Works on the Supportive Mountains
 16181 | Lair:4   | Found a runed translucent door.
 16181 | Lair:4   | Found a shimmering altar of Xom.
 16181 | Lair:4   | Noticed hitsuchi's ghost (journeyman DgIE)
 16183 | Lair:4   | Identified the +1 triple sword "Maeroq" {chaos, Fly rElec}
 16832 | Lair:4   | Acquired the +1 barding "Jeom" {Fly rCorr Dex+2}
 16833 | Lair:4   | Acquired the +9 demon trident of Intimidation {vamp, +Blink
                  | rElec rF+}
 16961 | Lair:5   | You fall into a shaft and drop 1 floor!
 16961 | Lair:6   | Entered Level 6 of the Lair of Beasts
 16975 | Lair:6   | Reached skill level 12 in Fighting
 17204 | Lair:6   | Received a gift from Okawaru
 17480 | Lair:5   | Found a runed translucent gate.
 17480 | Lair:5   | Found a runed translucent gate.
 17480 | Lair:5   | Found a runed translucent gate.
 17480 | Lair:5   | Found a runed translucent door.
 17480 | Lair:5   | Found a viscous altar of Jiyva.
 17480 | Lair:5   | Found a staircase to the Slime Pits.
 17483 | Lair:5   | Noticed Kaofid's ghost (journeyman GrEE)
 17675 | Lair:5   | Reached skill level 10 in Polearms
 17682 | Lair:5   | Reached skill level 10 in Armour
 18584 | Lair:6   | Reached ****** piety under Okawaru
 18584 | Lair:6   | Received a gift from Okawaru
 18600 | Lair:6   | Reached skill level 1 in Evocations
 18618 | Lair:6   | Reached XP level 14. HP: 121/124 MP: 22/22
 19889 | D:10     | Entered Level 10 of the Dungeon
 19904 | D:10     | Found a staircase to the Orcish Mines.
 19960 | D:10     | Received a gift from Okawaru
 20257 | D:10     | Reached skill level 13 in Fighting
 20318 | D:10     | Received a gift from Okawaru
 20572 | D:10     | Found a hide-covered altar of Uskayaw.
 20574 | D:10     | Found an ornate altar of the Wu Jian Council.
 20574 | D:10     | Found a hazy altar of Hepliaklqana.
 20575 | D:10     | Found a white marble altar of Elyvilon.
 20575 | D:10     | Found a shimmering altar of Xom.
 20784 | Orc:1    | Entered Level 1 of the Orcish Mines
 20800 | Orc:1    | Received a gift from Okawaru
 21211 | Orc:2    | Entered Level 2 of the Orcish Mines
 21431 | Orc:2    | Noticed an orc warlord
 21445 | Orc:2    | Killed an orc warlord
 21738 | Orc:2    | Received a gift from Okawaru
 21847 | Orc:2    | Found Wyemifil's General Store.
 21851 | Orc:2    | Found Xeript's Book Emporium.
 21863 | Orc:2    | Found a staircase to the Elven Halls.
 22078 | Orc:2    | Found Nezacamo's Antique Armour Emporium.
 22086 | Orc:2    | Received a gift from Okawaru
 22086 | Orc:2    | Found the +6 lightning scales {swift, rElec}
 22087 | Orc:2    | Found a flickering gateway to a bazaar.
 22098 | Bazaar   | Entered a bazaar
 22098 | Bazaar   | Found Boiwn's Distillery.
 22098 | Bazaar   | Found Zooluiz's Magic Scroll Boutique.
 22098 | Bazaar   | Found Vonedd's Armour Shoppe.
 22098 | Bazaar   | Found Rutieq's Weapon Shop.
 22228 | Bazaar   | Found Plog's Book Shop.
 22262 | Bazaar   | Bought a scroll of magic mapping for 31 gold pieces
 22262 | Bazaar   | Bought a scroll of teleportation for 27 gold pieces
 22262 | Bazaar   | Bought a scroll of magic mapping for 31 gold pieces
 22267 | Bazaar   | Bought 2 potions of heal wounds for 110 gold pieces
 22267 | Bazaar   | Bought a potion of haste for 110 gold pieces
 22267 | Bazaar   | Bought a potion of curing for 33 gold pieces
 22267 | Bazaar   | Bought a potion of cancellation for 88 gold pieces
 22270 | Bazaar   | Bought a +0 kite shield for 76 gold pieces
 22524 | Orc:2    | Found Xuchaxen's Antique Weapon Emporium.
 23230 | Orc:2    | Bought a translucent plate armour for 980 gold pieces
 23230 | Orc:2    | Identified the +5 plate armour of Creativity {SInv} (You
                  | bought it in a shop on level 2 of the Orcish Mines)
 23230 | Orc:2    | Bought a pair of masterwork gloves for 332 gold pieces
 23230 | Orc:2    | Identified the +1 pair of gloves of the Exceptional Falcon
                  | {Fly rN+} (You bought it in a shop on level 2 of the Orcish
                  | Mines)
 23409 | D:11     | Reached XP level 15. HP: 97/132 MP: 24/24
 23712 | D:11     | Noticed Josephine
 23723 | D:11     | Killed Josephine
 24383 | D:12     | Noticed Azrael
 25160 | D:12     | Killed Azrael
 25592 | D:12     | Noticed Urug
 25596 | D:12     | Killed Urug
 25746 | D:12     | Found Luofiog's Antique Armour Emporium.
 25851 | D:12     | Bought an ancient plate armour for 728 gold pieces
 25851 | D:12     | Identified the +0 plate armour of the Serpent {rElec MP+9
                  | Dex-3} (You bought it in a shop on level 12 of the Dungeon)
 25851 | D:12     | Bought an ichor-stained plate armour for 728 gold pieces
 25851 | D:12     | Identified the +7 plate armour "Eforo" {rPois Str+5 Dex+4
                  | Stlth-} (You bought it in a shop on level 12 of the
                  | Dungeon)
 25877 | D:13     | Reached skill level 5 in Evocations
 26096 | D:12     | Received a gift from Okawaru
 27333 | D:13     | Found a runed translucent gate.
 27334 | D:13     | Found a runed translucent gate.
 27334 | D:13     | Found a runed translucent gate.
 27336 | D:13     | Noticed Maxmaps's ghost (adept FoSk)
 27336 | D:13     | Noticed Jiumoeso's ghost (journeyman GrEE)
 27337 | D:13     | Noticed Maxmaps's ghost (adept FoSk)
 27337 | D:13     | Noticed Xuta's ghost (journeyman FoFi)
 28535 | D:14     | Reached skill level 14 in Fighting
 29634 | D:14     | Found a gate to the Vaults.
 29806 | D:15     | Entered Level 15 of the Dungeon
 30162 | D:15     | Found a sparkling altar of Nemelex Xobeh.
 30392 | D:15     | Found a staircase to the Depths.
 30413 | D:15     | Reached XP level 16. HP: 134/142 MP: 26/26
 30528 | D:15     | HP: 32/142 [meliai/divine providence (10)]
 31164 | D:14     | HP: 35/142 [poisoned by a meliai]
 32210 | Snake:1  | Entered Level 1 of the Snake Pit
 33451 | Snake:2  | Reached skill level 1 in Shields
 34091 | Snake:2  | Received a gift from Okawaru
 34973 | Snake:2  | Found a shimmering altar of Xom.
 35894 | Snake:3  | Identified the +4 barding of Viaddangoo {rF+ Dex+5}
                  | (Okawaru gifted it to you on level 3 of the Snake Pit)
 35894 | Snake:3  | Received a gift from Okawaru
 36003 | Snake:3  | Noticed Aizul
 36250 | Snake:2  | Killed Aizul
 36486 | Snake:3  | Noticed Jorgrun
 37257 | Snake:2  | Killed Jorgrun
 37881 | Snake:3  | Reached skill level 15 in Fighting
 38108 | Snake:3  | Noticed Vashnia
 38235 | Snake:3  | Killed Vashnia
 38660 | Snake:3  | Reached XP level 17. HP: 151/151 MP: 27/27
 38705 | Snake:3  | Received a gift from Okawaru
 39250 | Orc:2    | Bought a runed hand crossbow for 208 gold pieces
 39438 | Snake:4  | Entered Level 4 of the Snake Pit
 39723 | Snake:4  | Identified the +0 buckler of Bitterness {*Slow Will++ rCorr
                  | Slay+3} (Okawaru gifted it to you on level 4 of the Snake
                  | Pit)
 39723 | Snake:4  | Received a gift from Okawaru
 39738 | Snake:4  | Reached skill level 1 in Crossbows
 39976 | Snake:4  | Reached skill level 5 in Shields
 40399 | Snake:4  | HP: 35/151 [poisoned by a nagaraja (poison arrow)]
 40404 | Snake:3  | HP: 29/151 [poisoned by a nagaraja (poison arrow)]
 41677 | Snake:4  | Reached skill level 10 in Throwing
 41814 | Snake:4  | Got a serpentine rune of Zot
 42143 | Shoals:1 | Entered Level 1 of the Shoals
 42159 | Shoals:1 | Received a gift from Okawaru
 42393 | Shoals:1 | Identified Roxanne's Tome of Stones
 42393 | Shoals:1 | Noticed Roxanne
 42742 | Shoals:1 | Received a gift from Okawaru
 43378 | Shoals:2 | Received a gift from Okawaru
 43466 | Shoals:2 | Received a gift from Okawaru
 43753 | Shoals:2 | Noticed Nikola
 43770 | Shoals:2 | Reached skill level 16 in Fighting
 43783 | Shoals:2 | Killed Nikola
 43784 | Shoals:2 | Reached XP level 18. HP: 122/161 MP: 28/28
 43785 | Shoals:2 | Received a gift from Okawaru
 44140 | Shoals:2 | Noticed Louise
 44158 | Shoals:2 | Killed Louise
 44516 | Shoals:2 | Identified the ring of Eshrusaiv {rElec rC++ Str+6 Slay+2}
 44540 | Shoals:2 | Noticed a tentacled monstrosity
 44559 | Shoals:2 | Killed a tentacled monstrosity
 46213 | Shoals:3 | Reached skill level 5 in Crossbows
 46402 | Shoals:3 | Found Quov's Antique Weapon Emporium.
 46643 | Shoals:4 | Entered Level 4 of the Shoals
 46643 | Shoals:4 | Found a glowing golden altar of the Shining One.
 46663 | Shoals:4 | Found a sparkling altar of Nemelex Xobeh.
 46709 | Shoals:4 | Received a gift from Okawaru
 46716 | Shoals:4 | Identified the ring of the Thieving Priest {Wiz Int+3}
 47800 | Shoals:3 | Received a gift from Okawaru
 48051 | Shoals:4 | Got a barnacled rune of Zot
 48579 | Shoals:4 | Noticed Ilsuiw
 48593 | Shoals:4 | Killed Ilsuiw
 48768 | Shoals:4 | Identified the ring of Luxkud {rF+ rN+ Will+}
 48940 | Shoals:4 | Received a gift from Okawaru
 48940 | Shoals:4 | Found the +7 Kryia's mail coat {PotionHeal*2 rC+}
 49000 | Shoals:4 | Identified the ring of Juntyquc {rPois SInv}
 49431 | Vaults:1 | Entered Level 1 of the Vaults
 50150 | D:14     | Reached XP level 19. HP: 170/170 MP: 29/29
 50353 | D:14     | Reached skill level 17 in Fighting
 51217 | Vaults:1 | Noticed Saint Roka
 51247 | Vaults:1 | Killed Saint Roka
 51256 | Vaults:1 | Received a gift from Okawaru
 51765 | Vaults:2 | Received a gift from Okawaru
 51902 | Vaults:2 | Received a gift from Okawaru
 52179 | Vaults:2 | Identified the +10 halberd "Suaphe Liown" {holy, Fly}
 52343 | Vaults:2 | Found a staircase to the Crypt.
 52443 | Vaults:2 | Received a gift from Okawaru
 52910 | Vaults:2 | Received a gift from Okawaru
 53579 | Vaults:2 | Received a gift from Okawaru
 53670 | Vaults:2 | Reached XP level 20. HP: 171/181 MP: 30/30
 53887 | Vaults:3 | Found Toxi Jasch's Weapon Shoppe.
 54430 | Vaults:3 | Reached skill level 18 in Fighting
 54451 | Vaults:3 | Received a gift from Okawaru
 54649 | Vaults:3 | Reached skill level 10 in Shields
 54897 | Vaults:3 | Identified the +7 plate armour "Nistel" {Contam rC+++ rN++
                  | Str+4} (Okawaru gifted it to you on level 3 of the Vaults)
 54897 | Vaults:3 | Received a gift from Okawaru
 55835 | Vaults:4 | Noticed a dread lich
 57654 | Elf:1    | Entered Level 1 of the Elven Halls
 57689 | Elf:1    | Identified the +1 leather armour of Inaf Irgh {Rampage}
 57921 | Elf:1    | Found Izevyogo's Weapon Shop.
 57923 | Elf:1    | Found Otifylak's Antique Weapon Boutique.
 57925 | Elf:1    | Found Senul's Magic Scroll Shop.
 57931 | Elf:1    | Reached skill level 10 in Evocations
 58469 | Elf:2    | Paralysed by an air elemental for 1 turns
 58685 | Elf:2    | Found a runed translucent gate.
 58685 | Elf:2    | Found a runed translucent gate.
 58725 | Elf:2    | Found a runed translucent gate.
 59230 | Elf:3    | Entered Level 3 of the Elven Halls
 59234 | Elf:3    | Reached XP level 21. HP: 190/190 MP: 31/31
 59257 | Elf:3    | Identified the +6 battleaxe "Gaty" {drain, rElec}
 59367 | Elf:3    | Received a gift from Okawaru
 59390 | Elf:3    | Found Kotamn's Book Shoppe.
 59911 | Elf:3    | Reached skill level 10 in Crossbows
 60204 | Elf:3    | Reached skill level 19 in Fighting
 60232 | Elf:3    | Identified the +0 chain mail of the Bagpipe {rPois rN+
                  | Regen+ Dex+2}
 60292 | Elf:3    | Identified the +5 quarterstaff of Bionuer {vorpal, rC+
                  | rCorr Str+4 Dex+3}
 60296 | Elf:3    | Identified the +9 lajatang of Symmetry {speed, rC+ Dex+6
                  | Stlth-}
 60358 | Elf:3    | Identified the +0 gold dragon scales of Wir Icziu {rPois
                  | rF+ rC+ Stlth+}
 60389 | Elf:3    | Identified the +8 hunting sling of Ulanketesi {flame,
                  | Dex+5}
 60403 | Elf:3    | Identified the +1 dagger of Context {flame, *Rage +Blink
                  | rN+}
 60421 | Elf:3    | Identified the +10 plate armour of the Exiled Wishes
                  | {rCorr}
 61422 | Crypt:1  | Entered Level 1 of the Crypt
 61495 | Crypt:1  | Identified the +5 scale mail of Apathy {rCorr} (Okawaru
                  | gifted it to you on level 1 of the Crypt)
 61495 | Crypt:1  | Received a gift from Okawaru
 61935 | Crypt:1  | HP: 35/192 [??? (21)]
 63850 | Crypt:1  | Identified the +0 pair of gloves of Indomitability {Regen+
                  | Dex+3}
 64580 | Crypt:2  | Noticed Frederick
 65011 | Crypt:2  | Killed Frederick
 65136 | Crypt:2  | Noticed Jory
 65162 | Crypt:2  | Killed Jory
 65329 | Crypt:2  | Noticed Boris
 65340 | Crypt:2  | Killed Boris
 65791 | Crypt:2  | Received a gift from Okawaru
 66370 | D:13     | Killed Maxmaps's ghost
 66374 | D:13     | Killed Jiumoeso's ghost
 66386 | D:13     | Killed Maxmaps's ghost
 66391 | D:13     | Killed Xuta's ghost
 66406 | D:13     | Identified the amulet of No Interval {Acrobat Fragile rPois
                  | Dex+4}
 66421 | D:13     | Identified the +7 battleaxe "Yrghipsar" {flame, Will+
                  | Int+3}
 66422 | D:13     | Identified the +0 robe "Posmalao" {Contam +Inv Int+2}
 66619 | Crypt:3  | Entered Level 3 of the Crypt
 66619 | Crypt:3  | Found a staircase to the Tomb.
 66729 | Crypt:3  | Noticed Margery
 66765 | Crypt:3  | Killed Margery
 66800 | Crypt:3  | Reached XP level 22. HP: 143/203 MP: 32/32
 67045 | Crypt:3  | Noticed Xtahua
 67096 | Crypt:3  | Killed Xtahua
 67565 | Crypt:3  | Reached skill level 20 in Fighting
 67970 | Crypt:3  | Noticed Sojobo
 68021 | Crypt:3  | Killed Sojobo
 68300 | Crypt:3  | Noticed a curse toe
 68308 | Crypt:3  | Killed a curse toe
 68672 | Crypt:3  | Identified the +0 leather armour of Knowledge {rF- rN+
                  | Int+4}
 68817 | Crypt:3  | Noticed an ancient lich
 68852 | Crypt:3  | Killed an ancient lich
 68929 | Crypt:3  | Received a gift from Okawaru
 69034 | Crypt:3  | Got Sif Muna's Compendium of the Igneous Entourage
 69580 | Crypt:3  | Got the Catalogue of Unholy Arts
 69599 | Crypt:3  | Identified the +5 glaive of Invincibility {vamp, Fragile
                  | Str+8 Int+4}
 69601 | Crypt:3  | Identified the +5 scimitar of the Messenger {vorpal, Fly}
 69671 | Crypt:3  | Identified the +7 chain mail of Deexeasi {rF+ rN+ MP+9}
                  | (Okawaru gifted it to you on level 3 of the Crypt)
 69671 | Crypt:3  | Received a gift from Okawaru
 70046 | Depths:1 | Entered Level 1 of the Depths
 70243 | Depths:1 | Found Veuxeats's Distillery.
 70301 | Depths:1 | Found a one-way gateway to a ziggurat.
 70310 | Depths:1 | Found a gateway to Hell.
 70449 | Depths:1 | Found a radiant altar of Vehumet.
 70670 | Depths:1 | Found a runed translucent door.
 72155 | Depths:2 | Found a one-way gate leading to the halls of Pandemonium.
 72283 | Hell     | Entered the Vestibule of Hell
 72283 | Hell     | Noticed Geryon
 72639 | Depths:3 | Acquired 844 gold pieces
 72666 | Depths:3 | Reached XP level 23. HP: 211/211 MP: 33/33
 72867 | Depths:3 | Received a gift from Okawaru
 72867 | Depths:3 | Found the +8 demon trident "Rift" {distort, reach+}
 73003 | Depths:3 | Paralysed by a floating eye for 4 turns
 73109 | Depths:3 | Found a portal to a secret trove of treasure.
 73235 | Depths:3 | Found a corrupted altar of Lugonu.
 73236 | Depths:3 | Found a one-way gate to the infinite horrors of the Abyss.
 73532 | Depths:3 | Reached skill level 21 in Fighting
 74628 | Depths:4 | Entered Level 4 of the Depths
 75275 | Depths:3 | Received a gift from Okawaru
 75781 | Depths:4 | Found a gate to the Realm of Zot.
 75843 | Depths:4 | Found Nuusutaj's Distillery.
 75847 | Depths:4 | Found Nawez's Armour Emporium.
 75853 | Depths:4 | Received a gift from Okawaru
 76037 | Depths:4 | Identified the +3 tower shield "Duurr" {Will+ Regen+}
                  | (Okawaru gifted it to you on level 4 of the Depths)
 76037 | Depths:4 | Received a gift from Okawaru
 76047 | Depths:4 | Found Gueclom's Jewellery Boutique.
 76448 | Depths:4 | Found a hide-covered altar of Uskayaw.
 76926 | Vaults:5 | Entered Level 5 of the Vaults
 76959 | Vaults:5 | Noticed Bai Suzhen
 77190 | Vaults:4 | Killed Bai Suzhen
 77300 | Vaults:5 | Reached skill level 15 in Throwing
 77300 | Vaults:5 | Noticed an ancient lich
 77671 | Vaults:5 | Reached XP level 24. HP: 214/224 MP: 33/33
 77704 | Vaults:5 | Identified the +8 scimitar "Gaaxacry" {elec, Drain rElec
                  | rF+}
 77822 | Vaults:5 | Noticed a dread lich
 77835 | Vaults:4 | Killed a dread lich
 77835 | Vaults:4 | Received a gift from Okawaru
 77836 | Vaults:4 | Reached skill level 15 in Armour
 77883 | Vaults:5 | Identified the +0 chain mail of Iwida {rN++ MP+9}
 77902 | Vaults:5 | Killed an ancient lich
 77918 | Vaults:5 | Reached skill level 15 in Shields
 78074 | Vaults:5 | Identified the ring of the Chupacabra {rElec Str+3 Dex+6}
 78139 | Vaults:5 | Received a gift from Okawaru
 78140 | Vaults:5 | Reached skill level 22 in Fighting
 78277 | Vaults:5 | Identified the +1 robe of Untold Secrets {rF+ rC- Int+5}
 78278 | Vaults:5 | Received a gift from Okawaru
 78326 | Vaults:5 | Got the Papyrus of Enthralling Earth
 78374 | Vaults:5 | Noticed an ancient lich
 78394 | Vaults:5 | HP: 26/224 [ancient lich/crystal spear (56)]
 78803 | Vaults:4 | Killed an ancient lich
 79191 | Vaults:5 | Gained mutation: Your magical capacity is low. (-10% MP) [a
                  | shining eye]
 79452 | Vaults:5 | Got a silver rune of Zot
 79573 | Vaults:5 | Noticed a dread lich
 79586 | Vaults:5 | Killed a dread lich
 79751 | Vaults:5 | Found the +1 robe of Vines {NoPotionHeal Regen++++}
 80095 | D:9      | Bought a potion of mutation for 104 gold pieces
 80095 | D:9      | Bought a potion of mutation for 104 gold pieces
 80628 | Vaults:5 | Identified the +4 spear "Xirukkin" {vorpal, Will+ rCorr}
 81011 | Zot:1    | Entered Level 1 of the Realm of Zot
 81754 | Depths:4 | Identified the +2 pair of gloves "Koss" {Will+ Regen+ rCorr
                  | Int+3} (Okawaru gifted it to you on level 4 of the Depths)
 81754 | Depths:4 | Received a gift from Okawaru
 82953 | Zot:1    | Identified the +8 halberd of Indomitability {speed, Int+10}
 84003 | Depths:1 | Bought a potion of curing for 60 gold pieces
 84003 | Depths:1 | Bought a potion of mutation for 160 gold pieces
 84003 | Depths:1 | Bought a potion of cancellation for 160 gold pieces
 84003 | Depths:1 | Bought a potion of cancellation for 160 gold pieces
 84003 | Depths:1 | Bought a potion of mutation for 160 gold pieces
 84003 | Depths:1 | Bought a potion of heal wounds for 100 gold pieces
 84207 | Zot:2    | Reached XP level 25. HP: 217/234 MP: 26/30
 84387 | Zot:2    | Noticed an orb of fire
 84391 | Zot:2    | Killed an orb of fire
 84494 | Zot:2    | Received a gift from Okawaru
 85449 | Zot:3    | Noticed Muataran's ghost (veteran MiMo)
 85449 | Zot:3    | Identified the -4 cloak of Happiness {Regen+ Str+2}
 85451 | Zot:3    | Found a transporter.
 86526 | Zot:3    | Reached skill level 23 in Fighting
 86635 | Zot:3    | Found a transporter.
 86709 | Zot:3    | Received a gift from Okawaru
 86921 | Zot:3    | Received a gift from Okawaru
 87109 | Zot:3    | Found a bloodstained altar of Trog.
 87151 | Zot:3    | Identified the +0 cloak of Xom's Regard {SInv}
 87780 | Zot:4    | Received a gift from Okawaru
 88480 | Zot:5    | Entered Level 5 of the Realm of Zot
 89072 | Zot:5    | Identified the +4 trident "Faps" {vorpal, rF+ Int+5 Dex-2}
                  | (Okawaru gifted it to you on level 5 of the Realm of Zot)
 89072 | Zot:5    | Received a gift from Okawaru
 89270 | Zot:5    | Noticed an orb of fire
 89276 | Zot:5    | Killed an orb of fire
 89314 | Zot:5    | Noticed an orb of fire
 89329 | Zot:5    | Killed an orb of fire
 89341 | Zot:5    | Noticed a dread lich
 89488 | Zot:4    | Killed a dread lich
 89537 | Zot:5    | Noticed a Killer Klown
 89552 | Zot:5    | Killed a Killer Klown
 89569 | Zot:5    | Noticed a Killer Klown
 89577 | Zot:5    | Killed a Killer Klown
 89701 | Zot:5    | Received a gift from Okawaru
 89707 | Zot:5    | Reached XP level 26. HP: 245/245 MP: 30/30
 90841 | Zot:5    | Noticed an ancient lich
 90853 | Zot:5    | Noticed an ancient lich
 90857 | Zot:5    | Killed an ancient lich
 90858 | Zot:5    | Killed an ancient lich
 91055 | Zot:5    | Received a gift from Okawaru
 91106 | Zot:5    | Reached skill level 24 in Fighting
 91324 | Zot:5    | Noticed an orb of fire
 91463 | Zot:5    | Gained mutation: Your magical capacity is very low. (-20%
                  | MP) [an orb of fire]
 91468 | Zot:5    | Killed an orb of fire
 91640 | Zot:5    | Got the Orb of Zot
 92048 | D:$      | Escaped with the Orb!

Illustrated notes

Levels and vault maps discovered:
D:1:      dpeg_arrival_snail, layout_basic,
          hellmonk_ecumenical_altar_heavens_door
D:2:      layout_loops_corners, minmay_snake_closets
D:3:      minmay_door_path, layout_basic, uniq_terence
D:4:      layout_basic, cheibrodos_sewer_entry_sluice, minmay_cut_off,
          uniq_blork_the_orc
D:5:      layout_basic, uniq_edmund
D:6:      layout_basic, minmay_temple_entry_statues_pillars,
          minmay_misc_feat_square, kennysheep_doodads
D:7:      layout_loops_ring
D:8:      gammafunk_corrupted_shrine, layout_loops_ring, bloody_makhleb
D:9:      layout_basic, due_lair_maze_entry_diamond, nicolae_transmutations_shop
D:10:     cheibrodos_grave_circle, layout_basic, grunt_temple_overflow_open,
          david_orc_5, kennysheep_decorative_pillar, minmay_misc_feat_doors,
          lightli_wizard_tower
D:11:     layout_rooms, hangedman_decor_peaks_small, uniq_josephine
D:12:     layout_cave_pools, serial_shops, nicolae_shop_statue_plus, uniq_urug,
          uniq_azrael
D:13:     layout_loops_ring, gammafunk_ghost_cemetery
D:14:     layout_stronghold, hangedman_vaults_entry_quadrant_bands,
          nicolae_benzene_ring
D:15:     gammafunk_depths_entry_grave, layout_basic, serial_bayou_ford_a,
          nemelex_xobeh_ov_fountains_minmay
Temple:   eino_temple_scatter_basement
Lair:1:   layout_misc_corridors
Lair:2:   layout_cave_shapes, grunt_megastairs_4, uniq_sonja, uniq_nergalle,
          uniq_erica
Lair:3:   layout_gridlike, shoals_dummy_entry, guppyfry_snake_entry_island,
          portal_ice_cave_entry_pillars_1, serial_bayou_pond_a
Lair:4:   layout_loops_ring, ebering_ghost_xom, gauntlet_entry_generic,
          serial_bayou_lagoon_a, grunt_forest_small_clearing_treed,
          serial_bayou_shore_b, grunt_megastairs_2
Lair:5:   layout_regular_city, slime_altar_2, gammafunk_ghost_split,
          minmay_lair_oklob_items, infiniplex_staircase_pool_2
Lair:6:   evilmike_catoblepas_cave, layout_loops_ring, lemuel_fruit_fields
Shoals:1: layout_shoals, uniq_roxanne
Shoals:2: dreamdust_from_the_deep, layout_shoals, uniq_louise, uniq_nikola
Shoals:3: layout_shoals, serial_shops, shop_statue
Shoals:4: shoals_end_grunt_ice, layout_shoals, shoals_ilsuiw_ice,
          hangedman_feature_mirror
Snake:1:  layout_misc_corridors, special_room
Snake:2:  layout_grid_maze, basic_altar
Snake:3:  nicolae_snake_shooting_gallery, layout_cave_town, uniq_vashnia,
          uniq_aizul, uniq_jorgrun
Snake:4:  snake_pit, layout_basic
Orc:1:    layout_caves
Orc:2:    grunt_orc_cross, layout_caves, serial_shops, bzr_in_the_mist
Elf:1:    eino_elf_arrival_sip, layout_rooms, minmay_elf_demonology,
          minmay_shop_star
Elf:2:    nicolae_elf_blades_splatter_lattice [nicolae_blade_entry_pointy_end],
          layout_geoelf_octagon, nicolae_elf_big_sculpture_2, minivault_25_ag
Elf:3:    minmay_elf_hall, layout_gridlike, serial_shops, nicolae_diamond_shop
Vaults:1: hangedman_vaults_nodes, nicolae_vaults_alarming,
          vaults_mumra_bighexcomb, grunt_vaults_focal, ontoclasm_vaults_chip,
          ontoclasm_vaults_chip, vaults_dpeg_diagonal, v_pattern_2,
          vaults_dpeg_hooks, layout_vaults_omnigrid, uniq_saint_roka
Vaults:2: nicolae_vaults_what_the_h, hangedman_vaults_slither,
          vaults_dpeg_cross, hangedman_vaults_trim, hangedman_vaults_snaps,
          v_misc_24, v_rooms_1, hangedman_vaults_variations,
          nicolae_vaults_angled_halls, nicolae_vaults_murderbox,
          layout_vaults_ring
Vaults:3: hangedman_vaults_hat, nicolae_vaults_ring_of_whatevers,
          vaults_room_grid, v_alt_pattern_4, v_misc_26, v_misc_2,
          hangedman_vaults_restitches, vaults_room_boxed, v_misc_18,
          ontoclasm_vaults_pinch, ontoclasm_vaults_ligature,
          layout_vaults_big_cross, serial_shops, nicolae_shop_hallway_stairs
Vaults:4: nicolae_vaults_little_ls, hangedman_vaults_hard_town_square,
          nicolae_vaults_circle_grid_b, v_misc_29, nicolae_vaults_specimen_jars,
          grunt_vaults_diagonal, nicolae_vaults_triangles, v_misc_30,
          nicolae_vaults_little_squares_3, ontoclasm_vaults_fault,
          nicolae_vaults_asterisk, vaults_dpeg_encased_lava, v_alt_pattern_6,
          layout_vaults_chaotic_city
Vaults:5: uniq_bai_suzhen
Crypt:1:  layout_regular_city, st_burial_chamber, grunt_crypt_arrival_webbed
Crypt:2:  layout_catacombs, nrook_guardian_serpent_ordinary, uniq_boris,
          uniq_frederick, uniq_jory
Crypt:3:  due_elkab, layout_chaotic_city, minmay_misc_feat_hallway, uniq_sojobo,
          uniq_margery, uniq_xtahua
Depths:1: layout_roguey, enter_ziggurat_a, serial_shops, shop,
          nicolae_vehumet_altar_sigil, hell_entry, minmay_acid_items
Depths:2: nooodl_glass_maze, layout_cave_pools, hangedman_decor_points,
          rand_demon_pan_entry_9, grunt_metal_band, minmay_fire_ice_demons
Depths:3: minmay_inner_zag, layout_basic, serial_glass, glass_columns_b,
          glass_columns_a, glass_columns_a, hell_entry, abyss_entry_flame_altar,
          nicolae_trove_entry_isolated, lemuel_flamethrower_hall,
          serial_bayou_shore_b, infiniplex_staircase_door_maze,
          grunt_megastairs_1, serial_bayou_shore_b
Depths:4: evilmike_zot_entry_basic, layout_cave_shapes, hell_entry,
          nicolae_uskayaw_suspiria, pan_entry, serial_shops, shop,
          lemuel_nasty_fountain, minmay_shoptagon, serial_bayou_shore_a,
          infiniplex_staircase_pool_lava
Hell
Zot:1:    layout_gridlike, evilmike_ambush [evilmike_ambush_outer_basic,
          evilmike_ambush_inner_cross]
Zot:2:    layout_cathedral_of_symmetry
Zot:3:    layout_cathedral_of_symmetry, gammafunk_ghost_wrathful_warriors
Zot:4:    layout_gridlike
Zot:5:    layout_gridlike

Skill      XL: |  1  2  3  4  5  6  7  8  9 10 11 12 13 14 15 16 17 18 19 20 21 22 23 24 25 26 |
---------------+-------------------------------------------------------------------------------+-----
Fighting       | 2 3 4 5 6 7 8 9 10 11 12 13 14 15 16 17 18 19 20 21 22 23 24 | 24.0
Maces & Flails | 1 2 3 4 |  4.6
Armour         | 1 2 3 5 6 7 8 9 10 11 12 13 14 15 17 | 17.5
Polearms       | 3 5 6 7 9 10 11 12 13 14 | 14.0
Invocations    | 1 4 7 8 10 11 12 13 14 | 14.0
Throwing       | 3 4 6 7 8 9 10 11 12 13 14 15 16 | 16.0
Evocations     | 1 4 6 8 10 12 | 12.0
Shields        | 4 6 8 9 10 12 13 14 15 16 17 | 17.4
Crossbows      | 4 6 8 9 10 | 10.0
Dodging        | |  1.5
Spellcasting   | |  1.0
Hexes          | |  3.0

Action                   |  1- 3 |  4- 6 |  7- 9 | 10-12 | 13-15 | 16-18 | 19-21 | 22-24 | 25-27 || total
-------------------------+-------+-------+-------+-------+-------+-------+-------+-------+-------++-------
Melee: Dagger            |    26 |       |    33 |       |       |       |       |       |       ||    59
       Unarmed           |     4 |       |       |       |       |       |       |       |       ||     4
       Tailslap          |    10 |    26 |    33 |    71 |   241 |   293 |   344 |   579 |   242 ||  1839
       Mace              |    57 |   217 |    16 |       |       |       |       |       |       ||   290
       Punch             |     2 |     4 |       |       |       |     1 |       |       |       ||     7
       Glaive            |       |       |   206 |   460 |  1406 |   251 |       |       |       ||  2323
       Demon trident     |       |       |       |       |       |  1390 |  1542 |  2223 |   951 ||  6106
 Fire: Hand crossbow     |       |       |       |       |       |   269 |   230 |     8 |     5 ||   512
Throw: Throwing net      |     5 |     3 |       |       |     1 |     2 |     1 |     4 |       ||    16
       Javelin           |     1 |     4 |       |       |       |       |     8 |     1 |    26 ||    40
       Boomerang         |       |       |       |       |    11 |    26 |     1 |    26 |    63 ||   127
       Dart              |       |       |       |       |    11 |     5 |       |     2 |       ||    18
Invok: Heroism           |       |       |     2 |    17 |    17 |    17 |     6 |     6 |     1 ||    66
       Finesse           |       |       |       |     2 |     2 |     4 |     3 |     7 |     2 ||    20
 Abil: Rolling Charge    |    28 |    25 |    25 |    13 |    86 |   177 |   115 |   128 |    44 ||   641
Evoke: Wand              |       |       |       |     2 |     5 |    29 |     5 |     3 |     6 ||    50
       Tin of tremorston |       |       |       |       |       |     2 |     7 |    10 |     2 ||    21
       Condenser vane    |       |       |       |       |       |       |       |     4 |     1 ||     5
  Use: Scroll            |     5 |     8 |     6 |     7 |    11 |     9 |     8 |    15 |     7 ||    76
       Potion            |       |       |     1 |     1 |       |     1 |       |     1 |     3 ||     7
 Stab: Held in net/web   |     1 |       |       |       |       |       |       |       |       ||     1
       Distracted        |       |       |       |       |       |       |    10 |     6 |     1 ||    17
       Confused          |       |       |       |       |       |       |     3 |       |       ||     3
       Petrified         |       |       |       |       |       |       |     2 |       |       ||     2
       Paralysed         |       |       |       |       |       |       |       |     2 |     5 ||     7
Armor: Robe              |    37 |       |       |       |       |       |       |       |       ||    37
       Plate armour      |       |   197 |       |       |   815 |  1318 |   910 |  1255 |   499 ||  4994
       Troll leather arm |       |    22 |   167 |   410 |   712 |       |       |       |       ||  1311
       Chain mail        |       |       |       |   133 |       |       |       |       |       ||   133
Dodge: Dodged            |    39 |    58 |   114 |   224 |   537 |   228 |   161 |   246 |    93 ||  1700
Block: Kite shield       |       |       |       |       |       |   279 |       |       |       ||   279
       Tower shield      |       |       |       |       |       |   506 |  1022 |  1622 |   767 ||  3917
       Reflection        |       |       |       |       |       |    42 |   110 |    16 |       ||   168
